 Dungeon Crawl Stone Soup version 0.22-b1-26-g9dbaab1 (webtiles) character file.

77 dracos369 the Poker (level 4, -1/35 HPs)
             Began as a Merfolk Chaos Knight on Aug 8, 2018.
             Succumbed to a killer bee's poison
             ... on level 3 of the Dungeon.
             The game lasted 00:06:26 (2131 turns).

dracos369 the Poker (Merfolk Chaos Knight)          Turns: 2131, Time: 00:06:27

Health: -1/35      AC:  6    Str: 15    XL:     4   Next: 33%
Magic:  4/4        EV: 12    Int: 11    God:    Xom [...*..]
Gold:   124        SH:  0    Dex: 13    Spells: 3/3 levels left

rFire    . . .     SeeInvis .   a - +0 spear (chaos)
rCold    . . .     Gourm    .   (no shield)
rNeg     + . .     Faith    .   b - +3 leather armour
rPois    .         Spirit   .   (no helmet)
rElec    .         Reflect  .   (no cloak)
rCorr    .         Harm     .   (no gloves)
MR       .....                  (no boots)
Stlth    +.........             o - amulet of the acrobat
HPRegen  0.11/turn              h - +2 ring of strength
MPRegen  0.09/turn              l - ring of positive energy

@: lethally poisoned (-1 -> -33), very slightly contaminated, slowed, drained,
very slow
A: change form in water, swift swim, stealthy swim
a: Renounce Religion


You were on level 3 of the Dungeon.
You worshipped Xom.
You were a favourite toy of Xom.
You were not hungry.

You visited 1 branch of the dungeon, and saw 3 of its levels.

You collected 124 gold pieces.

Inventory:

Hand Weapons
 a - a +0 spear of chaos (weapon)
Armour
 b - a +3 leather armour (worn)
Jewellery
 h - a +2 ring of strength (left hand)
 l - a ring of positive energy (right hand)
 o - an amulet of the acrobat (around neck)
Scrolls
 e - a scroll of remove curse
 k - 2 scrolls of magic mapping
 n - a scroll of fog
Potions
 f - a potion of brilliance {unknown}
 j - a potion of cancellation {unknown}
Comestibles
 c - 4 rations
 i - 6 chunks of flesh


   Skills:
 - Level 3.2(3.0) Fighting
 + Level 7.3(7.0) Polearms
 - Level 0.6(0.3) Armour
 - Level 2.6(2.4) Dodging


You had 3 spell levels left.
You didn't know any spells.
Your spell library was empty.

Dungeon Overview and Level Annotations

Branches:
Dungeon (3/15)

Altars:
Xom


Message History

The killer bee closely misses you. The killer bee barely misses you.
Unknown command.
You bump into the rock wall.
You feel less invigorated.
You feel less confused.
You feel very sick. The killer bee misses you.
The killer bee closely misses you. x2
The killer bee stings you but does no damage.
The killer bee barely misses you. The killer bee completely misses you.
The killer bee stings you.
* * * LOW HITPOINT WARNING * * *
The killer bee misses you. The killer bee stings you!
* * * LOW HITPOINT WARNING * * *
You are more poisoned.
The killer bee poisons you!
Unknown command.
The helpless crimson imp fails to defend itself.
You hit the crimson imp.
The crimson imp is lightly wounded.
You die...
Xom is highly amused!

#...# #......... #.#.# #.(.......
##.#.####......... *
####..#....#.....>... *
#....#####........... ****
##.#### ##........... ,,,**
###..# ###............ **,,*
###...######..(...........
**#.####...###.y@5§...#..........
,,............§yy####'###########
**##....#####.§###.......#
**##..**#§...## ###._.###
*,...**##§#### #.......###
*.##.*##..# ####'####.#
##.##.##..###### #.####.####
...............# #.........#
.#####...####### ###.......#


You could see 3 killer bees and a crimson imp (paralysed).

Vanquished Creatures
  3 adders (D:3)
  An ooze (D:3)
  A leopard gecko (D:2)
  8 orcs (D:3)
  2 ball pythons
  4 bats (D:2)
  A giant cockroach (D:2)
  3 goblins
  4 hobgoblins
  3 kobolds
  3 frilled lizards
  4 rats
37 creatures vanquished.

Notes
Turn   | Place    | Note
-------+----------+-------------------------------------------
     0 | D:1      | dracos369 the Merfolk Chaos Knight began the quest for the Orb.
     0 | D:1      | Reached XP level 1. HP: 18/18 MP: 1/1
     2 | D:1      | XOM: silly message
   569 | D:1      | XOM: god gift: grey potion {god gift}
   721 | D:2      | Reached skill level 5 in Polearms
   736 | D:2      | Reached XP level 2. HP: 24/24 MP: 2/2
  1389 | D:2      | Reached skill level 6 in Polearms
  1389 | D:2      | Reached XP level 3. HP: 29/29 MP: 3/3
  1472 | D:3      | Noticed a killer bee
  1473 | D:3      | Noticed a killer bee
  1910 | D:3      | Reached XP level 4. HP: 31/35 MP: 4/4
  1952 | D:3      | Reached skill level 7 in Polearms
  2084 | D:3      | Found a shimmering altar of Xom.
  2102 | D:3      | XOM: summons friendly quasit
  2127 | D:3      | XOM: smoke on damage
  2131 | D:3      | Succumbed to a killer bee's poison

Skill      XL: |  1  2  3  4 |
---------------+-------------+-----
Polearms       | 5 6 7 |  7.3
Fighting       | |  3.2
Armour         | |  0.6
Dodging        | |  2.6

Action                   |  1- 3 |  4- 6 || total
-------------------------+-------+-------++-------
Melee: Spear             |   110 |    46 ||   156
  Use: Scroll            |     3 |     1 ||     4
       Potion            |       |     4 ||     4
 Stab: Sleeping          |     1 |     1 ||     2
       Invisible         |       |     1 ||     1
       Paralysed         |       |     1 ||     1
  Eat: Chunk             |     3 |     1 ||     4
Armor: Leather armour    |    17 |    32 ||    49
Dodge: Dodged            |    48 |    68 ||   116
